Map: Cerulean Fall LE

Players

liquidthermy (uThermal)

  • Race: Terran Terran
  • League: Master
  • Spawn Location: 1:00

Bunny - Winner!

  • Race: Terran Terran
  • League: Diamond
  • Spawn Location: 7:00

Event: IEM Season 13 - Katowice Server Qualifiers Europe

VOD

Have the link to the VOD?

Description

Time

  • Played on: Jan. 8, 2019, 12:50 p.m.
  • Length: 17:06

All games in this series

Show
View Real Time Build Order
Export as new Build Order

liquidthermy Terran 

Build Orders: 1/1/1 

Get SALT Encoding   

  12  0:01  SCV  
  13  0:13  SCV  
  14  0:17  Supply Depot  
  14  0:25  SCV  
  15  0:29  Refinery  
  15  0:38  SCV  
  16  0:44  Barracks  
  16  0:50  SCV  
  16  0:54  Refinery  
  17  1:03  SCV  
  18  1:15  SCV  
  19  1:31  Reaper, Orbital Command  
  20  1:35  Factory  
  20  1:44  Supply Depot  
  20  1:57  SCV  
  21  2:03  Reaper  
  22  2:09  SCV  
  23  2:18  Hellion  
  23  2:21  SCV, Starport  
  26  2:33  SCV  
  26  2:35  Barracks Tech Lab, Supply Depot  
  27  2:40  Hellion  
  29  2:53  Command Center  
  29  3:01  Hellion  
  31  3:05  Raven  
  31  3:08  SCV  
  34  3:18  Barracks Reactor  
  34  3:20  SCV  
  34  3:22  Supply Depot  
  34  3:24  Factory Tech Lab  
  35  3:32  SCV  
  36  3:41  Refinery  
  36  3:44  Siege Tank  
  36  3:45  SCV  
  36  3:58  SCV  
  37  4:04  Marine  
  38  4:10  SCV  
  38  4:11  Viking x2  
  43  4:22  Marine, SCV  
  43  4:23  Orbital Command  
  45  4:30  Siege Tank  
  48  4:34  SCV  
  49  4:40  Marine  
  49  4:42  Viking  
  52  4:46  SCV  
  52  4:49  SCV  
  54  4:55  Viking  
  54  4:58  SCV  
  57  5:00  Supply Depot  
  57  5:06  Siege Tank  
  60  5:07  SCV  
  61  5:17  SCV  
  61  5:19  SCV  
  61  5:23  Marine, Supply Depot  
  61  5:25  Viking  
  61  5:28  Viking  
  66  5:30  SCV  
  66  5:33  SCV  
  68  5:39  Supply Depot  
  66  5:43  Liberator, SCV  
  66  5:44  Siege Tank  
  66  5:46  SCV  
  71  5:55  SCV  
  72  6:01  SCV  
  76  6:07  SCV, Supply Depot  
  77  6:14  SCV  
  77  6:16  Siege Tank  
  75  6:19  SCV  
  76  6:26  SCV  
  76  6:32  SCV  
  78  6:35  Marine  
  78  6:38  SCV  
  80  6:44  Liberator, SCV  
  70  6:48  Siege Tank  
  70  6:50  SCV  
  70  6:53  Marine  
  73  6:56  SCV  
  72  7:02  SCV  
  72  7:06  Command Center  
  72  7:07  Refinery  
  72  7:08  Viking, SCV  
  77  7:13  Marine  
  77  7:14  SCV  
  77  7:15  Engineering Bay  
  81  7:20  SCV  
  81  7:21  Siege Tank  
  81  7:22  Engineering Bay  
  85  7:28  SCV  
  86  7:31  Marine  
  86  7:36  Stimpack  
  87  7:38  Barracks, Viking  
  87  7:39  Barracks  
  89  7:44  Viking  
  89  7:45  SCV  
  92  7:54  SCV  
  93  8:02  Marine  
  94  8:07  Barracks, Missile Turret  
  94  8:08  Barracks  
  94  8:10  Siege Tank  
  94  8:11  Missile Turret  
  94  8:12  Terran Infantry Weapons Level 1  
  94  8:13  Terran Infantry Armor Level 1  
  94  8:18  Orbital Command  
  95  8:20  Marine, SCV  
  95  8:26  Barracks Reactor x2  
  96  8:33  Barracks  
  96  8:35  Barracks  
  96  8:38  Marine  
  97  8:42  Viking, Siege Tank  
  102  8:51  Viking  
  105  8:56  Marine, Missile Turret  
  105  8:58  Barracks Reactor x2  
  105  9:01  Supply Depot x2  
  105  9:02  Marine  
  105  9:03  Marine x3  
  109  9:16  Marine  
  108  9:20  SCV  
  108  9:22  Marine x3, Viking x2  
  116  9:25  Siege Tank  
  114  9:31  SCV  
  114  9:32  Marine  
  114  9:34  Marine  
  114  9:35  Marine x3  
  114  9:37  Supply Depot  
  120  9:41  Armory, Marine  
  120  9:44  Combat Shield  
  121  9:48  Barracks Reactor  
  121  9:52  Barracks Reactor  
  121  9:53  Missile Turret  
  121  9:55  Marine x2  
  121  9:56  Marine  
  124  10:01  Marine x2  
  124  10:03  Marine  
  124  10:05  Marine  
  128  10:09  Marine  
  128  10:10  Supply Depot  
  129  10:19  Marine x2, Supply Depot  
  129  10:20  Medivac  
  133  10:31  Marine x2, Medivac  
  133  10:32  Marine  
  138  10:39  Siege Tank  
  138  10:42  Terran Infantry Weapons Level 2  
  141  10:48  Supply Depot  
  141  10:49  Marine x2  
  143  10:57  Marine x2  
  143  10:58  Marine  
  143  10:59  Marine x2  
  148  11:05  Supply Depot  
  148  11:09  Terran Infantry Armor Level 2  
  148  11:16  Medivac  
  149  11:18  Marine  
  149  11:19  Marine  
  149  11:23  Supply Depot  
  150  11:27  Siege Tank  
  150  11:31  Terran Vehicle Weapons Level 1  
  150  11:32  Marine  
  154  11:36  Medivac  
  156  11:40  Marine  
  156  11:41  Marine x2  
  159  11:47  Marine x2  
  160  11:56  Marine x2  
  160  11:58  Marine x2  
  164  12:01  Marine, Supply Depot  
  164  12:03  Supply Depot  
  164  12:04  Marine  
  164  12:07  Marine  
  166  12:10  Orbital Command  
  166  12:13  Marine x2  
  168  12:20  Marine x2  
  170  12:23  Siege Tank  
  170  12:26  Marine  
  170  12:28  Marine  
  175  12:33  Marine  
  175  12:34  Marine  
  175  12:35  Marine  
  178  12:37  Marine  
  179  12:45  Marine  
  179  12:46  Marine x2  
  183  12:54  Supply Depot  
  182  13:00  Sensor Tower  
  182  13:02  Marine  
  181  13:06  Marine x2  
  169  13:20  Liberator  
  169  13:22  Liberator  
  169  13:23  Marine x2  
  169  13:24  Marine, Siege Tank  
  169  13:25  Marine  
  136  13:28  Marine x2  
  136  13:31  Marine  
  142  13:47  Marine x3  
  145  13:51  Marine x2  
  145  13:54  Marine  
  148  14:02  Marine x2  
  121  14:10  Marine  
  121  14:12  Marine  
  121  14:13  Marine  
  121  14:15  Marine x2  
  121  14:16  Liberator  
  113  14:17  Marine  
  113  14:18  Marine  
  113  14:34  Marine  
  116  14:41  Marine  
  116  14:43  Marine  
  116  14:47  Marine  
  116  14:49  Marine  
  118  14:57  Marine x2  
  120  15:05  Marine  
  120  15:06  Marine, Orbital Command  
  121  15:11  Marine  
  120  15:24  Marine  
  120  15:27  Marine  
  121  15:33  Marine  
  120  15:35  Marine x2  
  120  15:40  Marine  
  123  15:43  Marine  
  124  15:51  Sensor Tower  
  124  15:52  Marine  
  124  15:53  Marine  
  126  15:59  Marine x2  
  126  16:01  Marine  
  126  16:03  Marine  
  130  16:07  Marine x2  
  130  16:08  Marine  
  132  16:14  Marine x2  
  132  16:17  Marine x2  
  136  16:19  Marine  
  137  16:30  Marine x2, Siege Tank  
  140  16:33  Marine x2  
  140  16:39  Marine x2  
  136  16:42  Marine x2  
  136  16:44  Marine  
Show
View Real Time Build Order
Export as new Build Order

Bunny Terran - Winner!

Build Orders: Gas First Reaper Expand 

Get SALT Encoding   

  12  0:00  SCV  
  13  0:13  SCV  
  14  0:17  Supply Depot  
  14  0:25  SCV  
  15  0:29  Refinery  
  15  0:39  SCV  
  16  0:45  Barracks  
  16  0:51  SCV  
  17  1:03  SCV  
  18  1:15  SCV  
  19  1:31  Orbital Command  
  19  1:32  Reaper  
  20  1:45  Bunker  
  20  1:47  Bunker  
  20  1:53  Command Center  
  20  2:02  Factory  
  20  2:06  SCV  
  21  2:08  Barracks Reactor  
  21  2:17  Supply Depot  
  21  2:19  SCV  
  21  2:22  Refinery  
  22  2:31  SCV  
  23  2:44  Marine, SCV  
  23  2:45  Marine  
  23  2:46  Factory Tech Lab  
  26  2:56  SCV  
  27  3:02  Marine x2  
  27  3:05  Orbital Command, Cyclone  
  32  3:09  SCV  
  33  3:21  SCV  
  33  3:22  Marine, Starport  
  33  3:24  Marine  
  36  3:32  SCV  
  36  3:33  SCV  
  38  3:45  Factory Tech Lab  
  38  3:48  SCV x2  
  40  3:57  Barracks x2, Supply Depot  
  40  4:00  SCV x2  
  40  4:02  Stimpack  
  42  4:07  Marine  
  42  4:12  Factory Reactor, SCV x2  
  42  4:16  Bunker  
  44  4:24  Marine  
  44  4:25  Engineering Bay  
  44  4:26  SCV x2  
  44  4:29  Refinery, Starport Reactor  
  47  4:38  SCV x2  
  49  4:39  Engineering Bay  
  49  4:42  Marine  
  50  4:47  Marine x2  
  50  4:51  Supply Depot  
  50  4:52  Supply Depot  
  52  4:57  SCV x2  
  54  5:01  Terran Infantry Weapons Level 1  
  54  5:04  Supply Depot  
  54  5:09  Supply Depot  
  54  5:13  Marine x5, Siege Tank, Medivac  
  64  5:15  Medivac  
  64  5:18  Refinery  
  63  5:29  SCV x2  
  63  5:31  Marine x4  
  63  5:35  Marine  
  69  5:39  Supply Depot  
  69  5:43  Medivac  
  69  5:45  Medivac  
  69  5:48  Marine x3  
  76  5:52  Siege Tank  
  76  5:53  Supply Depot  
  76  5:54  Marine x2  
  80  6:05  Combat Shield  
  80  6:06  Marine x3  
  80  6:10  SCV x2  
  84  6:20  Marine x2, Medivac x2  
  84  6:23  Orbital Command  
  84  6:24  Marine x3  
  78  6:40  Marine  
  78  6:44  Siege Tank  
  62  6:49  Marine x4  
  62  6:53  SCV  
  62  6:54  SCV  
  62  6:58  Marine  
  58  7:02  Viking  
  58  7:06  Viking  
  58  7:07  Marine x3  
  65  7:08  Marine  
  65  7:14  SCV x2  
  68  7:17  Marine  
  69  7:23  Siege Tank  
  69  7:25  Marine  
  69  7:29  Marine x3  
  76  7:35  Viking  
  78  7:39  Viking  
  78  7:40  Marine  
  78  7:43  Marine  
  82  7:53  Marine x3  
  85  7:58  Marine  
  86  8:07  Siege Tank  
  86  8:08  Marine, Supply Depot  
  86  8:11  Marine x3  
  70  8:12  Viking  
  93  8:21  Viking  
  93  8:22  Marine  
  93  8:25  Marine  
  97  8:29  Marine  
  97  8:33  SCV x2  
  100  8:41  Marine x3, Siege Tank  
  104  8:43  Marine  
  104  8:46  Marine  
  108  8:52  Supply Depot  
  110  9:01  Marine x2  
  110  9:02  Marine  
  110  9:13  Marine x2  
  110  9:14  Supply Depot  
  102  9:20  Marine x3  
  98  9:27  SCV x2  
  98  9:28  Terran Infantry Armor Level 1  
  95  9:31  Marine x2  
  95  9:33  Siege Tank  
  95  9:38  Marine x3, Medivac  
  99  9:49  Marine x2, Medivac  
  99  9:51  SCV  
  104  9:56  Marine x3  
  107  10:05  Siege Tank  
  110  10:07  Marine x2  
  110  10:13  Marine  
  110  10:14  Marine x2  
  113  10:15  Supply Depot  
  113  10:20  Medivac  
  117  10:25  Marine x2  
  119  10:31  Marine x2  
  119  10:35  Marine  
  121  10:39  Siege Tank  
  124  10:42  Marine x2  
  124  10:49  Marine x2  
  128  10:56  Medivac  
  129  11:00  Refinery, Command Center  
  129  11:02  Supply Depot  
  129  11:03  Medivac  
  131  11:10  Marine x3  
  134  11:12  Marine  
  131  11:30  Siege Tank  
  131  11:32  Marine x5  
  139  11:46  Medivac  
  141  12:00  Marine  
  142  12:09  Supply Depot  
  142  12:11  Marine x4, Siege Tank, Medivac  
  142  12:12  Supply Depot  
  151  12:18  Marine  
  152  12:23  Medivac  
  152  12:29  Marine x3  
  157  12:31  Marine  
  157  12:36  Marine  
  159  12:44  Siege Tank  
  160  12:47  Marine x3  
  160  12:49  Marine  
  164  12:52  Orbital Command  
  164  13:05  Marine x4  
  165  13:06  Marine  
  141  13:23  Marine, Siege Tank  
  126  13:29  Viking x2  
  126  13:32  Marine  
  125  13:36  Marine x3  
  128  13:45  Marine  
  129  13:50  Marine  
  129  13:54  Marine  
  129  13:55  Marine x2  
  125  14:02  Marine  
  125  14:08  Marine  
  102  14:11  Marine  
  102  14:12  Marine  
  102  14:13  Marine  
  95  14:20  Marine  
  96  14:26  Marine  
  96  14:29  Marine  
  96  14:30  Marine x2  
  97  14:31  Siege Tank  
  100  14:39  Marine  
  100  14:43  Viking  
  102  14:47  Marine x2  
  102  14:48  Marine x2  
  106  14:59  Marine  
  107  15:04  Marine  
  107  15:05  Marine  
  111  15:18  Viking x2, Orbital Command  
  111  15:23  Marine x3  
  114  15:36  Siege Tank  
  114  15:37  Marine  
  114  15:38  Marine  
  114  15:41  Marine  
  120  15:48  Viking  
  122  15:51  Viking  
  124  15:57  Marine x4  
  124  16:01  Liberator  
  124  16:03  Marine  
  129  16:08  Siege Tank  
  132  16:15  Marine x4  
  136  16:21  Marine  
  132  16:32  Marine  
  132  16:33  Marine x3  
  132  16:39  Marine  
  141  16:40  SCV x3  
  143  16:53  SCV x3  

Tags
 
Add a new tag
Caveats
  • Supply blocks, unpowered buildings, or Contaminate may cause inaccurate times.
  • Supply counts are checked every 10 seconds.